 Dungeon Crawl Stone Soup version 0.28-a0-730-g892d06dc2c (webtiles) character file.

Game seed: 11270395728265461916

360 cheechan the Skirmisher (level 6, -4/57 HPs)
             Began as a Naga Fighter on Oct 28, 2021.
             Was an Initiate of Gozag.
             Slain by a troll zombie (8 damage)
             ... in an ossuary.
             The game lasted 00:07:20 (2226 turns).

cheechan the Skirmisher (Naga Fighter)              Turns: 2226, Time: 00:07:21

Health: -4/57      AC:  5    Str: 20    XL:     6   Next: 65%
Magic:  6/6        EV:  8    Int:  8    God:    Gozag
Gold:   234        SH:  4    Dex: 11    Spells: 5/5 levels left

rFire   . . .      SeeInvis +   a - +1 war axe
rCold   . . .      Faith    .   c - +0 buckler
rNeg    . . .      Spirit   .   b - +0 scale mail
rPois   +          Reflect  .   (no helmet)
rElec   .          Harm     .   (no cloak)
rCorr   .          Rampage  .   (no gloves)
Will    .....                   (no barding)
Stlth   ..........              (no amulet)
HPRegen 0.19/turn               (no ring)
MPRegen 0.10/turn               (no ring)

@: very slow
A: AC +2, large, see invisible, deformed body, poison resistance, slowness 2,
spit poison 1, naga tail 1
a: Spit Poison, Renounce Religion, Potion Petition, Call Merchant, Bribe Branch


You were in an ossuary.
You worshipped Gozag.
Gozag was aware of your devotion.
You visited 1 branch of the dungeon, and saw 4 of its levels.
You also visited: Ossuary.

You collected 271 gold pieces.
You paid 37 gold pieces to Gozag.

Inventory:

Hand Weapons
 a - a +1 war axe (weapon)
 g - a +0 mace of holy wrath
 n - a +0 war axe
 o - a +0 hunting sling
Missiles
 e - 130 stones (quivered)
 h - 26 poisoned darts
 i - 17 sling bullets
 k - 20 arrows
 m - 3 boomerangs
 p - 18 bolts
Armour
 b - a +0 scale mail (worn)
 c - a +0 buckler (worn)
Potions
 f - a potion of flight
 j - a potion of curing
 l - a potion of invisibility {unknown}


   Skills:
 + Level 4.1 Fighting
 + Level 4.0 Axes
 + Level 3.6 Armour
 + Level 1.6 Dodging
 + Level 1.4 Stealth
 + Level 2.9 Shields


You had 5 spell levels left.
You didn't know any spells.
Your spell library contained the following spells:

 Spells                   Type           Power      Damage    Failure   Level
 Passwall                 Tmut/Erth      0%         N/A       88%         2
 Portal Projectile        Hex/Tloc       0%         N/A       98%         3
 Swiftness                Air            0%         N/A       98%         3
 Blade Hands              Tmut           0%         N/A       100%        5
 Excruciating Wounds      Necr           0%         N/A       100%        5
 Invisibility             Hex            0%         N/A       100%        6


Dungeon Overview and Level Annotations

Branches:
Dungeon (4/15)            Ossuary (1/1)
 Temple: D:4-7

Altars:
Gozag


Innate Abilities, Weirdness & Mutations

Your serpentine skin is tough. (AC +2)
You have supernaturally acute eyesight. (SInv)
Armour fits poorly on your strangely shaped body.
Your system is resistant to poisons. (rPois)
You cover ground very slowly.
You can spit poison.
You have a snake-like lower body.


Message History

You hit the troll zombie.
The troll zombie is lightly damaged.
The troll zombie bites you. The troll zombie closely misses you.
The troll zombie claws you but does no damage.
You slash the troll zombie!
The troll zombie is lightly damaged.
The troll zombie barely misses you. You block the troll zombie's attack. x2
Throw: 131 stones
Press: ? - help, Q - select action, (/) - cycle Shift-Dir - straight line, f - troll zombie
Aim: a troll zombie (lightly damaged, 77% to hit)
You throw a stone.
The stone barely misses the troll zombie.
Unknown command.
Okay, then.
You aren't carrying any scrolls.
The troll zombie closely misses you. The troll zombie barely misses you.
The troll zombie claws you.
There is an open door here.
You barely miss the troll zombie.
The troll zombie is lightly damaged.
You block the troll zombie's attack. x2; The troll zombie claws you.
You barely miss the troll zombie.
The troll zombie is lightly damaged.
The troll zombie bites you!
* * * LOW HITPOINT WARNING * * *
The troll zombie barely misses you.
The troll zombie claws you but does no damage.
You feel better.
You hit the troll zombie.
The troll zombie is moderately damaged.
The troll zombie bites you but does no damage.
The troll zombie barely misses you.
The troll zombie claws you but does no damage.
The troll zombie bites you!
* * * LOW HITPOINT WARNING * * *
The troll zombie claws you!
* * * LOW HITPOINT WARNING * * *
The troll zombie claws you!
You die...
Your body crumbles into a pile of gold.

$ $ $ #..# $ #..# #..#
+..# ###..#
################.#..#
#....#....#...Z@.#..#
#....#....#....#.'..#
#....#....#....###..#
#....#....#....#.#..#
###'#####'#######.#..#
..#...#...#...#...#..#
###'###'###'###'###..#
.....................#
....................∩#


You could see a troll zombie.

Vanquished Creatures
  An ice beast (D:3)
  An ogre (D:3)
  A centaur zombie (Ossuary)
  A hound (D:4)
  A hound skeleton (D:4)
  An adder (D:2)
  An adder zombie (Ossuary)
  2 worms (D:2)
  A dart slug (D:1)
  4 orcs
  5 ball pythons
  5 endoplasms
  3 giant cockroaches
  11 goblins
  9 hobgoblins
  5 kobolds
  3 quokkas (D:2)
  7 bats
  12 frilled lizards
  2 goblin zombies (Ossuary)
  2 kobold zombies (Ossuary)
  7 rats
  2 rat zombies (Ossuary)
87 creatures vanquished.

Vanquished Creatures (others)
  8 plants (D:2)
8 creatures vanquished.

Grand Total: 95 creatures vanquished

Notes
Turn   | Place    | Note
-------+----------+-------------------------------------------
     0 | D:1      | cheechan the Naga Fighter began the quest for the Orb.
     0 | D:1      | Reached XP level 1. HP: 21/21 MP: 1/1
    81 | D:1      | Reached XP level 2. HP: 19/28 MP: 2/2
   357 | D:1      | Reached XP level 3. HP: 34/34 MP: 3/3
   799 | D:2      | Reached XP level 4. HP: 4/43 MP: 4/4
  1230 | D:3      | Reached skill level 1 in Stealth
  1409 | D:3      | Found an opulent altar of Gozag.
  1449 | D:3      | Became a worshipper of Gozag Ym Sagoz the Greedy
  1472 | D:3      | Noticed an ogre
  1479 | D:3      | Killed an ogre
  1480 | D:3      | Reached skill level 1 in Dodging
  1480 | D:3      | Reached XP level 5. HP: 6/50 MP: 5/5
  1778 | D:4      | Noticed an ice beast
  1802 | D:3      | Killed an ice beast
  1803 | D:3      | Reached XP level 6. HP: 12/57 MP: 6/6
  2075 | D:4      | Found a sand-covered staircase.
  2091 | Ossuary  | Entered an ossuary
  2226 | Ossuary  | Slain by a troll zombie

Illustrated notes

Levels and vault maps discovered:
D:1:      dpeg_arrival_leaves_temple_mockup, layout_basic, minmay_surrounded
D:2:      layout_loops_cross, kennysheep_crisscross, hex_tiny,
          minmay_lizard_king
D:3:      layout_rooms, lemuel_crystal_altar
D:4:      layout_loops_ring, nicolae_elyvilon_temple_path,
          minmay_temple_entry_slanted, nicolae_ossuary_entry_ruins
Ossuary:  ossuary_boxes_badplayer

Skill      XL: |  1  2  3  4  5  6 |
---------------+-------------------+-----
Stealth        | 1 |  1.4
Fighting       | 4 |  4.1
Axes           | 3 4 |  4.0
Armour         | 3 |  3.6
Dodging        | 1 |  1.6
Shields        | |  2.9

Action                   |  1- 3 |  4- 6 || total
-------------------------+-------+-------++-------
Melee: War axe           |    81 |   117 ||   198
Throw: Throwing net      |       |     1 ||     1
       Stone             |       |     1 ||     1
 Abil: Spit Poison       |     5 |    10 ||    15
  Use: Scroll            |     2 |     1 ||     3
       Potion            |       |     4 ||     4
Armor: Scale mail        |    51 |    85 ||   136
Dodge: Dodged            |    39 |    69 ||   108
Block: Buckler           |    25 |    31 ||    56

Table legend: (Time is in decaauts)
 A = Elapsed time spent in this place.
 B = Non-inter-level travel time spent in this place.
 C = Inter-level travel time spent in this place.
 D = Time resting spent in this place.
 E = Time spent auto-exploring this place.
 F = Levels seen in this place.
 G = Mean time per level.
                   A        B        C        D        E       F      G
               +--------+--------+--------+--------+--------+-----+--------+
         Total |   2851 |   2851 |      0 |    537 |      0 |   5 |  570.2 |
       Dungeon |   2673 |   2673 |      0 |    537 |      0 |   4 |  668.2 |
       Ossuary |    178 |    178 |      0 |      0 |      0 |   1 |  178.0 |
               +--------+--------+--------+--------+--------+-----+--------+

Top non-repeatable levels by time:
     D:2: 1051 daAuts
     D:3: 991 daAuts
     D:1: 554 daAuts
 Ossuary: 178 daAuts
     D:4: 74 daAuts
